 Dungeon Crawl Stone Soup version 0.20-a0-924-gfa95efa (webtiles) character file.

1802 JeffiDaFish the Cudgeler (level 9, -5/55 HPs)
             Began as a Gargoyle Fighter on Mar 27, 2017.
             Slain by an ogre
             ... wielding a +0 giant club
              (10 damage)
             ... on level 6 of the Dungeon.
             The game lasted 00:10:23 (5270 turns).

JeffiDaFish the Cudgeler (Gargoyle Fighter)         Turns: 5270, Time: 00:10:23

Health: -5/55      AC: 16    Str: 17    XL:     9   Next: 9%
Magic:  9/9        EV:  6    Int: 10    God:
Gold:   387        SH: 10    Dex: 12    Spells: 8/8 levels left

rFire    + . .     SeeInvis .   a - +1 flail
rCold    . . .     Gourm    .   c - +0 shield
rNeg     + . .     Faith    .   j - +0 chain mail
rPois    ∞         Spirit   .   (no helmet)
rElec    +         Reflect  .   (no cloak)
rCorr    .         Harm     .   u - +0 pair of gloves
MR       .....                  (no boots)
Stlth    ..........             (no amulet)
Regen    0.2/turn               b - ring of protection from fire
MPRegen  0.2/turn               (no ring)

@: no status effects
A: claws 1, negative energy resistance 1, electricity resistance, weak 1,
unbreathing, petrification resistance, rot immunity, AC +5
a: no special abilities


You were on level 6 of the Dungeon.
You were not hungry.

You visited 1 branch of the dungeon, and saw 7 of its levels.
You also visited: Sewer.

You collected 387 gold pieces.

Inventory:

Hand Weapons
 a - a +1 flail (weapon)
Armour
 c - a +0 shield (worn)
 j - a +0 chain mail (worn)
 u - a +0 pair of gloves (worn)
Jewellery
 b - a ring of protection from fire (left hand)
Wands
 t - a wand of paralysis (9/24)
Scrolls
 d - 5 scrolls of identify
 h - a scroll of remove curse
 i - a scroll of teleportation
 l - a scroll of fog
 m - a scroll of magic mapping
 p - a scroll of enchant weapon
Potions
 e - 2 potions of magic
 n - 3 potions of berserk rage
 o - 2 potions of curing
 r - a potion of flight
Comestibles
 f - 7 bread rations
 g - a fruit
 k - 3 royal jellies
 q - 2 meat rations
 s - 2 chunks of flesh


   Skills:
 + Level 6.0 Fighting
 + Level 7.7 Maces & Flails
 + Level 5.4 Armour
 + Level 1.4 Dodging
 + Level 7.1 Shields


You had 8 spell levels left.
You didn't know any spells.

Dungeon Overview and Level Annotations

Branches:
Dungeon (7/15)
 Temple: D:4-7

Altars:
Hepliaklqana
Ru
Uskayaw
Yredelemnul


Innate Abilities, Weirdness & Mutations

You are resistant to torment.
Your stone body is resilient. (AC +5)
You are immune to poison.
You resist negative energy. (rN+)
You are resistant to electric shocks. (rElec)
You can survive without breathing.
You are immune to petrification.
You are immune to rotting.
You have sharp fingernails.
You are weak. (Str -2)


Message History

You are too injured to fight recklessly!
You are too injured to fight recklessly!
You are too injured to fight recklessly!
You are too injured to fight recklessly!
You are too injured to fight recklessly!
You are too injured to fight recklessly!
You are too injured to fight recklessly!
You hit the ogre.
The ogre is moderately wounded.
The ogre hits you but does no damage.
You hit the ogre.
The ogre is heavily wounded.
The ogre hits you with a giant club!
* * * LOW HITPOINT WARNING * * *
Your chain mail prevents you from hitting the ogre.
The ogre is heavily wounded.
You sock the ogre!
The ogre is almost dead.
The ogre hits you with a giant club!
You die...

...)....####.# ....#####....#
....# #....####################
...(# #....#..#...#....#..#..#.
...(# #....#......#....#.......
...(# #....#......'....#.......
....# #....######.########..##.
....#####....#..###.########..##.
.............#..@#.............#.
.............#.O.#.............#.
.............#...##..###########.
.............#...###'###..##..##.
.............'...................
.....(.......#.............(.....
####....######................##.
...'....#...##..###..##.......###
...#....#...##..####+##..........


You could see an ogre.

Vanquished Creatures
  Sigmund (D:6)
  The ghost of Donglino the Spear-Bearer, an amateur MfGl (D:3)
  Duvessa (D:5)
  A sky beast (D:6)
  3 ogres
  A phantom (D:6)
  2 centaurs
  A crocodile (Sewer)
  Dowan (D:5)
  A scorpion (D:6)
  A howler monkey (D:5)
  2 bullfrog zombies (D:5)
  2 crimson imps
  3 hounds
  A bullfrog skeleton (D:4)
  2 iguanas
  2 orc wizards
  2 worker ants
  2 hound skeletons (D:5)
  3 gnolls (D:3)
  6 adders
  A river rat (D:3)
  An adder skeleton (D:4)
  4 worms
  A dart slug (D:3)
  A leopard gecko (D:3)
  10 orcs
  7 giant cockroaches
  3 goblins (D:1)
  9 hobgoblins
  4 jackals (D:3)
  2 quokkas
  3 ball pythons
  11 bats
  5 frilled lizards
  12 kobolds
  A quokka zombie (D:5)
  9 rats
123 creatures vanquished.

Vanquished Creatures (others)
  4 toadstools (D:1)
4 creatures vanquished.

Grand Total: 127 creatures vanquished

Notes
Turn   | Place    | Note
-------+----------+-------------------------------------------
     0 | D:1      | JeffiDaFish the Gargoyle Fighter began the quest for the Orb.
     0 | D:1      | Reached XP level 1. HP: 14/14 MP: 1/1
   116 | D:1      | Reached XP level 2. HP: 19/19 MP: 2/2
   815 | D:2      | Found a faded altar of an unknown god.
   823 | D:2      | Reached XP level 3. HP: 20/24 MP: 3/3
  1498 | D:3      | Gained mutation: You are weak. (Str -2) [potion of mutation]
  1498 | D:3      | Gained mutation: You have sharp fingernails. [potion of mutation]
  1582 | D:3      | Reached XP level 4. HP: 25/29 MP: 4/4
  1621 | D:3      | Noticed Donglino's ghost (amateur MfGl)
  1639 | D:3      | Killed Donglino's ghost
  1639 | D:3      | Reached XP level 5. HP: 10/34 MP: 5/5
  1639 | D:3      | Reached XP level 6. HP: 11/39 MP: 6/6
  1646 | D:3      | Found a glowing drain.
  1778 | Sewer    | Entered a sewer
  2578 | D:4      | Found a hide-covered altar of Uskayaw.
  2598 | D:4      | Found a basalt altar of Yredelemnul.
  2601 | D:4      | Found a sacrificial altar of Ru.
  2609 | D:4      | Reached skill level 1 in Dodging
  2751 | D:4      | Reached skill level 5 in Maces & Flails
  2751 | D:4      | Reached skill level 5 in Shields
  2751 | D:4      | Reached XP level 7. HP: 23/44 MP: 7/7
  2965 | D:4      | Found a hazy altar of Hepliaklqana.
  3431 | D:5      | Entered Level 5 of the Dungeon
  3494 | D:5      | Reached skill level 5 in Fighting
  3539 | D:5      | Reached XP level 8. HP: 30/49 MP: 8/8
  3746 | D:5      | Noticed Dowan
  3756 | D:5      | Noticed Duvessa
  3795 | D:5      | Killed Duvessa
  3814 | D:5      | Killed Dowan
  4519 | D:6      | Reached skill level 5 in Armour
  5091 | D:6      | Reached XP level 9. HP: 47/55 MP: 9/9
  5104 | D:6      | Noticed Sigmund
  5117 | D:6      | Killed Sigmund
  5270 | D:6      | Slain by an ogre

Vault maps used:
D:1:      ldierk_walled_garden_2
D:2:      chequers_ecumenical_altar_island
D:3:      portal_sewer_entry_c, st_stairs_1, serial_bayou_pond_a,
          kennysheep_cluttered_room
D:4:      nicolae_overflow_hidden_temple, first_bread, minmay_misc_feat_cross
D:5:      minmay_crossroads, uniq_duvessa
D:6:      uniq_sigmund
D:7:      temple_pool_b
Sewer:    sewer_big_baddie

Skill      XL: |  1  2  3  4  5  6  7  8  9 |
---------------+----------------------------+-----
Shields        | 4 5 7 |  7.1
Maces & Flails | 4 5 7 |  7.7
Fighting       | 4 5 6 |  6.0
Armour         | 4 5 |  5.4
Dodging        | 1 |  1.4

Action                   |  1- 3 |  4- 6 |  7- 9 || total
-------------------------+-------+-------+-------++-------
Melee: Flail             |   160 |   193 |   281 ||   634
  Use: Scroll            |     7 |     2 |     2 ||    11
       Potion            |     6 |     3 |     1 ||    10
  Eat: Chunk             |     2 |     5 |     8 ||    15
Armor: Scale mail        |    78 |       |       ||    78
       Chain mail        |    36 |   156 |   155 ||   347
Dodge: Dodged            |    53 |    55 |    65 ||   173
Block: Shield            |    97 |   121 |   137 ||   355
